AoeStats
← Slanda_CZ

Glade

510575505Analyzed
1v1 RM · 1d ago on Oct 1, 2026· 55m 18s· 2 players
Game mode
Random Map
Map size
Tiny (2 player)
Population
200
Speed
Normal
Resources
Standard
Victory
Conquest
Starting age
Dark Age
Ending age
Imperial Age
RankedLock teamsTeams togetherTeam positionsShared explorationLock speedFull tech treeHidden civsTurbo modeCheats
Victory
Defeat
🇩🇪 Romans · Germany
1033
+18
🇨🇿 Khmer · Czechia
1076
-18
Der_BastiFantasti
10:44 Feudal Age
10:50 Man-at-Arms
11:15 Horse Collar
15:11 Gold Mining
15:07 Double-Bit Axe
20:15 Castle Age
19:12 Stone Mining
21:27 Heavy Plow
21:38 Bow Saw
20:53 Long Swordsman
21:33 Squires
21:47 Forging
22:03 Scale Mail Armor
22:19 Town Watch
24:11 Fletching
26:44 Ballistas
26:47 Bodkin Arrow
29:24 Pikeman
31:52 Wheelbarrow
35:28 Imperial Age
35:39 Hand Cart
37:29 Chemistry
38:19 Heavy Scorpion
39:09 Legionary
45:55 Crop Rotation
45:11 Onager
45:32 Halberdier
46:47 Chain Mail Armor
47:08 Iron Casting
47:01 Ballistics
48:23 Gold Shaft Mining
48:46 Bloodlines
48:37 Husbandry
47:58 Cavalier
50:31 Blast Furnace
54:49 Comitatenses
54:51 Conscription
Slanda_CZ
8:50 Feudal Age
8:58 Loom
15:12 Castle Age
15:43 Horse Collar
19:01 Double-Bit Axe
21:12 Fletching
26:05 Town Watch
33:37 Imperial Age
32:15 Wheelbarrow
32:37 Bodkin Arrow
32:44 Gold Mining
33:56 Fortified Wall
36:37 Bloodlines
37:34 Cavalier
40:14 Husbandry
42:41 Forging
42:37 Scale Barding Armor
44:25 Iron Casting
44:30 Chain Barding Armor
44:42 Heavy Scorpion
48:04 Ballistics
48:04 Bow Saw
50:34 Double Crossbow
53:42 Light Cavalry
Connection lost

Rejoining the realm…

Still unreachable

The connection could not be restored.

Session expired

The server has moved on; the page needs a fresh start.